 Dungeon Crawl Stone Soup version 0.25-a0-719-gde951dc (webtiles) character file.

Game seed: 17334269946098884871, levelgen mode: deterministic

102 BlueFish the Magician (level 4, -5/31 HPs)
             Began as a Mummy Wizard on Apr 6, 2020.
             Slain by a gnoll
             ... wielding a +0 spear
              (9 damage)
             ... on level 2 of the Dungeon.
             The game lasted 00:07:09 (3554 turns).

BlueFish the Magician (Mummy Wizard)                Turns: 3554, Time: 00:07:10

Health: -5/31      AC:  4    Str: 10    XL:     4   Next: 49%
Magic:  2/11       EV: 12    Int: 18    God:
Gold:   109        SH:  0    Dex: 10    Spells: 4/14 levels left

rFire    x . .     SeeInvis .   c - +0 dagger
rCold    + . .     Gourm    .   (no shield)
rNeg     + + +     Faith    .   a - +0 robe
rPois    ∞         Spirit   .   b - +0 hat
rElec    .         Reflect  .   (no cloak)
rCorr    .         Harm     .   f - +1 pair of gloves
MR       .....                  (no boots)
Stlth    ++........             (no amulet)
HPRegen  0.10/turn              (no ring)
MPRegen  0.12/turn              (no ring)

@: very slightly contaminated
A: no food or potions, fire vulnerability, cold resistance 1, negative energy
resistance 3, torment resistance, unbreathing
a: no special abilities


You were on level 2 of the Dungeon.
You were not hungry.

You visited 1 branch of the dungeon, and saw 2 of its levels.

You collected 109 gold pieces.

Inventory:

Hand Weapons
 c - a +0 dagger (weapon)
 i - a cursed -1 short sword
Armour
 a - a +0 robe (worn)
 b - a +0 hat (worn)
 f - a +1 pair of gloves (worn)
Scrolls
 e - a scroll of enchant weapon
 g - 2 scrolls of enchant armour
 h - a scroll of teleportation {unknown}
 j - a scroll of blinking {unknown}


   Skills:
 * Level 0.6 Fighting
 * Level 2.0 Dodging
 * Level 2.2 Stealth
 * Level 5.7 Spellcasting
 + Level 1.0 Conjurations
 + Level 0.7 Summonings
 + Level 0.7 Translocations


You had 4 spell levels left.
You knew the following spells:

 Your Spells              Type           Power        Failure   Level  Hunger
a - Magic Dart            Conj           #...         9%          1    N/A
b - Blink                 Tloc           N/A          14%         2    N/A
c - Call Imp              Summ           #.......     14%         2    N/A
d - Slow                  Hex            #.......     19%         2    N/A
e - Mephitic Cloud        Conj/Pois/Air  #.......     32%         3    N/A

Your spell library contained the following spells:

 Spells                   Type           Power        Failure   Level  Hunger
 Conjure Flame            Conj/Fire      #.......     30%         3    N/A

Dungeon Overview and Level Annotations

Branches:
Dungeon (2/15)

Altars:
Ru


Innate Abilities, Weirdness & Mutations

You do not eat or drink.
Your flesh is vulnerable to fire.
You are immune to poison.
Your flesh is cold resistant. (rC+)
You are immune to negative energy. (rN+++)
You are immune to unholy pain and torment.
You can survive without breathing.


Message History

The gnoll hits you with a +0 spear.
You catch the helpless gnoll completely off-guard!
You hit the gnoll.
The gnoll is severely wounded.
The gnoll misses you.
You hit the gnoll.
The gnoll is almost dead.
You barely miss the gnoll.
The gnoll is almost dead.
The gnoll seems less confused.
The gnoll hits you with a +0 spear!
* * * LOW HITPOINT WARNING * * *
Casting: Mephitic Cloud (safe; 32% risk of failure)
Confirm with . or Enter, or press ? or * to list all spells.
Aiming: Mephitic Cloud (safe; 32% risk of failure)
Press: ? - help, Shift-Dir - straight line, f/p - gnoll
Aim: a gnoll, wielding a +0 spear (almost dead)
You miscast Mephitic Cloud.
You are very lightly contaminated with residual magic.
You feel slightly ill. The gnoll hits you with a +0 spear!
You die...

.# #.# #...g)g.....###.# .# #.#
##'########..# #.# .#
#.###########...## #..###.# .#
#.#..............## #....#.# ##
#.#..######.......## #..#.#†#
####.......##.........####......#
............'......%..).......###
######...#<##.........####....# #
#...().....@....## ##.#.# #
#####.####g....## ###.# # #...#
##...## #.# # #.########'## #.# #
#.# ##.###.# #.# #
#.###...##.######## #.#
#g##....g.........#
#.###...#...#####.# #.#
##.#.....#


You could see a gnoll.

Vanquished Creatures
  2 gnolls (D:2)
  2 adders (D:2)
  A worm (D:2)
  A dart slug (D:2)
  A leopard gecko (D:1)
  6 bats
  6 giant cockroaches
  11 goblins
  8 hobgoblins
  4 kobolds
  5 frilled lizards (D:2)
  9 rats
56 creatures vanquished.

Vanquished Creatures (collateral kills)
  A worm (D:2)
1 creature vanquished.

Grand Total: 57 creatures vanquished

Notes
Turn   | Place    | Note
-------+----------+-------------------------------------------
     0 | D:1      | BlueFish the Mummy Wizard began the quest for the Orb.
     0 | D:1      | Reached XP level 1. HP: 13/13 MP: 5/5
   216 | D:1      | Reached XP level 2. HP: 19/19 MP: 1/7
   719 | D:1      | Learned a level 2 spell: Blink
   722 | D:1      | Learned a level 2 spell: Call Imp
   725 | D:1      | Learned a level 2 spell: Slow
  1144 | D:1      | Reached skill level 5 in Spellcasting
  1144 | D:1      | Reached XP level 3. HP: 24/24 MP: 6/9
  1149 | D:1      | Learned a level 3 spell: Mephitic Cloud
  2839 | D:2      | Reached skill level 1 in Conjurations
  2989 | D:2      | Found a sacrificial altar of Ru.
  3010 | D:2      | Reached XP level 4. HP: 26/31 MP: 1/11
  3554 | D:2      | Slain by a gnoll

Levels and vault maps discovered:
D:1:      kennysheep_arrival_forest, layout_loops_corners
D:2:      layout_loops_corners, nicolae_ru_awakened_eye

Skill      XL: |  1  2  3 |
---------------+----------+-----
Spellcasting   | 5 |  5.7
Dodging        | 2 |  2.0
Stealth        | 2 |  2.2
Conjurations   | 1 |  1.0
Fighting       | |  0.6
Summonings     | |  0.7
Translocations | |  0.7

Action                   |  1- 3 |  4- 6 || total
-------------------------+-------+-------++-------
Melee: Dagger            |    30 |    28 ||    58
 Cast: Magic Dart        |   146 |    10 ||   156
       Call Imp          |     4 |       ||     4
       Mephitic Cloud    |     1 |     3 ||     4
  Use: Scroll            |     3 |       ||     3
 Stab: Confused          |     1 |     1 ||     2
       Sleeping          |     1 |       ||     1
Armor: Robe              |    10 |     2 ||    12
Dodge: Dodged            |    40 |     9 ||    49

Table legend:
 A = Non-vault XP
 B = Vault XP
 C = Vault XP percentage of total XP
 D = Non-vault monster count
 E = Vault monster count
 F = Vault count percentage of total count
                 A         B        C        D         E       F
            +---------+---------+-------+---------+---------+-------
      Total |     146 |       0 |   0.0 |      57 |       0 |   0.0
            +---------+---------+-------+---------+---------+-------
        D:1 |      45 |       0 |   0.0 |      28 |       0 |   0.0
        D:2 |     101 |       0 |   0.0 |      29 |       0 |   0.0
            +---------+---------+-------+---------+---------+-------
